 Dungeon Crawl Stone Soup version 0.29-a0-96-g93358da72b (webtiles) character file.

Game seed: 13164553806803254484

116 enile the Grave Robber (level 4, 0/35 HPs)
             Began as a Mummy Necromancer on Feb 12, 2022.
             Was a Believer of Cheibriados.
             Slain by Grinder (9 damage)
             ... while paralysed by Grinder
             ... on level 3 of the Dungeon.
             The game lasted 00:04:37 (2662 turns).

enile the Grave Robber (Mummy Necromancer)          Turns: 2662, Time: 00:04:38

Health: 0/35       AC:  2    Str: 22    XL:     4   Next: 70%
Magic:  16/17      EV:  2    Int: 21    God:    Cheibriados [**....]
Gold:   95         SH:  0    Dex: 17    Spells: 8/9 levels left

rFire   x . .      SeeInvis .   j - +4 dagger
rCold   + . .      Faith    .   (no shield)
rNeg    + + +      Spirit   .   a - +0 robe
rPois   ∞          Reflect  .   (no helmet)
rElec   .          Harm     .   (no cloak)
rCorr   .          Rampage  .   (no gloves)
Will    .....                   (no boots)
Stlth   ++........              (no amulet)
HPRegen 0.11/turn               b - ring of magical power
MPRegen 0.15/turn               g - +6 ring of strength

@: paralysed, very slow
A: cold resistance 1, negative energy resistance 3, torment resistance 2, heat
vulnerability 1, no potions
a: Renounce Religion, Bend Time


You were on level 3 of the Dungeon.
You worshipped Cheibriados.
Cheibriados was pleased with you.
You visited 1 branch of the dungeon, and saw 3 of its levels.

You collected 95 gold pieces.

Inventory:

Hand Weapons
 e - a +0 rapier
 j - a +4 dagger (weapon)
Missiles
 d - 66 stones
Armour
 a - a +0 robe (worn)
Magical Staves
 i - a staff of cold
Jewellery
 b - a ring of magical power (left hand)
 g - a +6 ring of strength (right hand)
Scrolls
 c - 2 scrolls of identify
 h - a scroll of summoning


   Skills:
 - Level 3.0 Fighting
 - Level 1.6 Dodging
 - Level 1.6 Stealth
 + Level 3.0 Spellcasting
 - Level 5.0 Necromancy


You had 8 spell levels left.
You knew the following spells:

 Your Spells              Type           Power      Damage    Failure   Level
a - Pain                  Necr           96%        1d8       1%          1

Your spell library contained the following spells:

 Spells                   Type           Power      Damage    Failure   Level
 Animate Skeleton         Necr           48%        N/A       1%          1
 Vampiric Draining        Necr           24%        2d7       4%          3
 Animate Dead             Necr           12%        N/A       17%         4
 Agony                    Necr           24%        N/A       43%         5


Dungeon Overview and Level Annotations

Branches:
Dungeon (3/15)

Altars:
Cheibriados
Gozag

Annotations:
D:3 1 transporter, Grinder, Robin


Innate Abilities, Weirdness & Mutations

You are immune to poison.
Your flesh is cold resistant. (rC+)
You are immune to negative energy. (rN+++)
You are immune to unholy pain and torment.
You are vulnerable to heat. (rF-)
You do not drink.


Message History

The goblins go into a battle-frenzy!
The goblin hits you but does no damage.
A river rat comes into view.
The goblin hits you with a +0 dagger.
You hit the goblin.
The goblin is heavily wounded.
The goblin hits you with a +0 club. x2; The goblin misses you.
A rat comes into view.
Unknown command.
As you read the scroll labelled HANGEFRAHAH, it crumbles to dust.
You feel strangely unstable.
It was a scroll of teleportation.
The goblin hits you with a +0 club. x2; The goblin completely misses you.
You feel stronger.
g - a +6 ring of strength (right hand)
The goblin hits you with a +0 club.
You barely miss the goblin.
The goblin is heavily wounded.
The goblin hits you but does no damage. The goblin misses you.
The goblin hits you with a +0 club.
You hit the goblin.
You kill the goblin!
Cheibriados appreciates the change of pace.
The goblin hits you with a +0 dagger.
* * * LOW HITPOINT WARNING * * *
The goblin completely misses you.
Your surroundings suddenly seem different.
Found a scroll labelled GIUPAN NAIKK and a scroll labelled ADICA GARU.
Grinder comes into view.
Grinder shouts!
A rat comes into view.
You see here a scroll labelled GIUPAN NAIKK.
As you read the scroll labelled HAKKAT XIGIGI, it crumbles to dust.
It is a scroll of identify.
h - a scroll of summoning Grinder gestures at you.
You suddenly lose the ability to move!
Grinder barely misses you.
You hear the quick rusting of a very distant drain.
Grinder hits you!
You die...

...r. ...
... ...
... ...
#.# ....
#.# .....
#5###..?
#@#...
#.#.###.#
#.......#
###.#####
.# .# .#
.# .#


You could see Grinder and a rat (wandering).

Vanquished Creatures
  6 adders
  An orc (D:3)
  6 ball pythons
  3 endoplasms
  4 giant cockroaches
  6 goblins
  7 hobgoblins
  4 jackals (D:2)
  3 quokkas (D:2)
  4 bats
  2 frilled lizards
  5 kobolds
  5 rats
56 creatures vanquished.

Vanquished Creatures (others)
  7 fungi (D:2)
  2 plants (D:2)
9 creatures vanquished.

Grand Total: 65 creatures vanquished

Notes
Turn   | Place    | Note
-------+----------+-------------------------------------------
     0 | D:1      | enile the Mummy Necromancer began the quest for the Orb.
     0 | D:1      | Reached XP level 1. HP: 13/13 MP: 4/4
   288 | D:1      | Reached skill level 1 in Fighting
   356 | D:1      | Reached XP level 2. HP: 21/21 MP: 3/5
  1209 | D:2      | Found a faded altar of an unknown god.
  1211 | D:2      | Reached XP level 3. HP: 26/27 MP: 5/7
  1217 | D:2      | Prayed at the altar of an unknown god.
  1217 | D:2      | Became a worshipper of Cheibriados the Contemplative
  1217 | D:2      | Reached * piety under Cheibriados
  1624 | D:2      | Found an opulent altar of Gozag.
  1857 | D:2      | Reached ** piety under Cheibriados
  1858 | D:2      | Reached skill level 5 in Necromancy
  1858 | D:2      | Reached XP level 4. HP: 33/33 MP: 8/8
  2595 | D:3      | Found a transporter.
  2643 | D:3      | Noticed Robin
  2656 | D:3      | Noticed Grinder
  2658 | D:3      | Paralysed by Grinder for 6 turns
  2662 | D:3      | Slain by Grinder

Illustrated notes

Levels and vault maps discovered:
D:1:      dpeg_arrival_rooms_b, layout_basic
D:2:      layout_loops_corners, basic_altar, dreamdust_ecumenical_altar_grove
D:3:      gammafunk_wand_slinger, layout_basic, portal_sewer_entry_e,
          uniq_terence, uniq_robin, uniq_crazy_yiuf_cottage, uniq_grinder

Skill      XL: |  1  2  3  4 |
---------------+-------------+-----
Fighting       | 1 2 3 |  3.0
Spellcasting   | 3 |  3.0
Necromancy     | 5 |  5.0
Dodging        | |  1.6
Stealth        | |  1.6

Action                   |  1- 3 |  4- 6 || total
-------------------------+-------+-------++-------
Melee: Unarmed           |    13 |       ||    13
       Rapier            |     6 |     4 ||    10
       Punch             |     1 |       ||     1
       Dagger            |       |    10 ||    10
 Cast: Pain              |    70 |    23 ||    93
  Use: Scroll            |       |     2 ||     2
 Stab: Sleeping          |     1 |       ||     1
Armor: Robe              |     8 |     6 ||    14
Dodge: Dodged            |    42 |    15 ||    57

Table legend: (Time is in decaauts)
 A = Elapsed time spent in this place.
 B = Non-inter-level travel time spent in this place.
 C = Inter-level travel time spent in this place.
 D = Time resting spent in this place.
 E = Time spent auto-exploring this place.
 F = Levels seen in this place.
 G = Mean time per level.
                   A        B        C        D        E       F      G
               +--------+--------+--------+--------+--------+-----+--------+
         Total |   3099 |   2988 |    111 |      0 |   2345 |   3 | 1033.0 |
       Dungeon |   3099 |   2988 |    111 |      0 |   2345 |   3 | 1033.0 |
               +--------+--------+--------+--------+--------+-----+--------+

Top non-repeatable levels by time:
     D:2: 1602 daAuts
     D:1: 1091 daAuts
     D:3: 405 daAuts
